 Dungeon Crawl Stone Soup version 0.30-a0-439-g9e77e4d916 (webtiles) character file.

Game seed: 9191722643827707198

340 cforsyth the Trooper (level 6, -5/56 HPs)
             Began as a Minotaur Berserker on Dec 10, 2022.
             Was a Believer of Trog.
             Slain by an ogre
             ... wielding a +0 giant club
              (32 damage)
             ... on level 6 of the Dungeon.
             The game lasted 00:04:48 (2683 turns).

cforsyth the Trooper (Minotaur Berserker)           Turns: 2683, Time: 00:04:49

Health: -5/56      AC:  2    Str: 24    XL:     6   Next: 30%
Magic:  5/5        EV: 12    Int:  4    God:    Trog [**....]
Gold:   207        SH:  0    Dex:  9    Spells: 5/5 levels left

rFire   . . .      SeeInvis .    m - +0 war axe
rCold   . . .      Faith    .    (no shield)
rNeg    . . .      Spirit   .    b - +0 animal skin
rPois   .          Reflect  .    (helmet restricted)
rElec   .          Harm     .    (no cloak)
rCorr   .          Rampage  .    (no gloves)
Will    +....                    (no boots)
Stlth   +.........               (no amulet)
HPRegen 0.29/turn                j - ring of willpower
MPRegen 0.09/turn                (no ring)

@: no status effects
A: horns 2, retaliatory headbutt
a: Renounce Religion, Berserk, Trog's Hand


You were on level 6 of the Dungeon.
You worshipped Trog.
Trog was pleased with you.
You visited 1 branch of the dungeon, and saw 6 of its levels.

You collected 207 gold pieces.

Inventory:

Hand Weapons
 d - a +1 vorpal hand axe
 m - a +0 war axe (weapon)
Armour
 b - a +0 animal skin (worn)
 t - a +2 chain mail of willpower
Jewellery
 j - a ring of willpower (left hand)
Scrolls
 a - 3 scrolls of magic mapping {unknown}
 c - a scroll of brand weapon {unknown}
 i - a scroll of amnesia {unknown}
 l - 3 scrolls of identify {unknown}
 o - 2 scrolls of enchant weapon {unknown}
 p - 2 scrolls of teleportation {unknown}
 q - 2 scrolls of noise {unknown}
 s - a scroll of enchant armour {unknown}
Potions
 e - 2 potions of brilliance {unknown}
 f - 2 potions of degeneration {unknown}
 g - a potion of might {unknown}
 h - 2 potions of invisibility {unknown}
 k - a potion of haste {unknown}
 n - 4 potions of curing {unknown}
 r - a potion of mutation {unknown}


   Skills:
 + Level 5.3 Fighting
 + Level 5.3 Axes
 + Level 4.5 Armour
 + Level 4.1 Dodging


You had 5 spell levels left.
You didn't know any spells.
Your spell library was empty.

Dungeon Overview and Level Annotations

Branches:
Dungeon (7/15)
 Temple: D:4-7

Altars:
The Shining One

Shops:
D:1 (   D:7 [


Innate Abilities, Weirdness & Mutations

You have a pair of horns on your head.
You reflexively headbutt those who attack you in melee.


Message History

No target in view!
Found a stone staircase leading down.
An orc priest comes into view. It is wielding a +0 club.
Found a stone staircase leading down.
You see here 13 gold pieces.
An orc warrior comes into view. It is wielding a +0 trident.
The orc warrior shouts!
The orc priest mumbles some strange prayers to Beogh against you.
You resist with some effort.
An orc priest comes into view. It is wielding a +0 flail.
An orc priest comes into view. It is wielding a +0 club.
The orc priest hits you with a +0 club.
There is a stone staircase leading up here.
The orc priest shouts!
The orc priest barely misses you.
You climb upwards.
The ogre shouts! x2
A howler monkey comes into view.
Found four items.
There is a stone staircase leading down here.
You closely miss the orc priest.
The howler monkey howls!
You headbutt the orc priest.
The orc priest is heavily wounded.
The orc priest closely misses you.
Unknown command.
Unknown command.
You barely miss the orc priest.
The orc priest is heavily wounded.
The howler monkey hoots and howls with incredible vigour!
The orc priest hits you with a +0 club.
A black bear comes into view.
A sky beast comes into view.
The black bear growls angrily.
Unknown command.
Unknown command.
Unknown command.
The orc priest barely misses you.
The ogre hits you with a +0 giant club!!
Ouch! That really hurt!
You die...

#....#.#. # #.......
#.#..?... ###$#$....#
...... ..........# ... .
......!...## ....
...........# ...##
.......@...# # #.#..
......oO...####.#...###.
..................S.....
...................>..#
...........O...........#
...#.....(.............#
########....h...o..l...#
....Y.h........#
...........#


You could see a black bear, a sky beast, 2 ogres, a howler monkey (catching
breath) and an orc priest.

Vanquished Creatures
  A phantom (D:3)
  A necrophage (D:7)
  A bullfrog (D:7)
  A hound (D:3)
  4 adders
  3 gnolls (D:3)
  A worm (D:2)
  A dart slug (D:2)
  3 orcs
  2 bats
  3 endoplasms
  2 giant cockroaches (D:3)
  3 goblins
  4 hobgoblins
  7 jackals
  A quokka (D:1)
  A ball python (D:3)
  A frilled lizard (D:3)
  4 kobolds
  6 rats
50 creatures vanquished.

Notes
Turn   | Place    | Note
-------+----------+-------------------------------------------
     0 | D:1      | cforsyth the Minotaur Berserker began the quest for the
                  | Orb.
     0 | D:1      | Reached XP level 1. HP: 19/19 MP: 0/0
   259 | D:1      | Found Uvuemeff's Antique Weapon Shop.
   367 | D:1      | Reached XP level 2. HP: 26/27 MP: 1/1
  1194 | D:2      | Reached XP level 3. HP: 33/33 MP: 2/2
  1453 | D:2      | Reached ** piety under Trog
  1604 | D:3      | Reached XP level 4. HP: 28/41 MP: 3/3
  1678 | D:3      | Found a glowing golden altar of the Shining One.
  1912 | D:3      | Noticed a phantom
  1923 | D:3      | Killed a phantom
  1924 | D:3      | Reached XP level 5. HP: 34/47 MP: 4/4
  2602 | D:4      | Reached skill level 5 in Axes
  2621 | D:4      | You fall into a shaft and drop 3 floors!
  2634 | D:7      | Reached skill level 5 in Fighting
  2634 | D:7      | Reached XP level 6. HP: 56/56 MP: 5/5
  2660 | D:7      | Found Jier's Antique Armour Shop.
  2668 | D:6      | Noticed a water moccasin
  2677 | D:7      | Noticed an orc warrior
  2682 | D:6      | Noticed a sky beast
  2683 | D:6      | Slain by an ogre

Illustrated notes

Levels and vault maps discovered:
D:1:      nzn_arrival_depleted_hourglass, layout_basic, serial_shops,
          shop_statue
D:2:      wander_river, layout_rooms, reono_crystal_passage
D:3:      minmay_bubble_buster, layout_basic, overflow_temple_1_default
D:4:      layout_loops_corners, serial_shops, shop_coins, kennysheep_orc_chapel
D:6:      layout_rooms, nemelex_diamond_rough_becter,
          nicolae_figureground_sparkle
D:7:      layout_cave_pools, cheibriados_altar_1, lemuel_crystal_altar,
          serial_shops, kennysheep_little_box, gammafunk_ghost_stat_death,
          chequers_ossuary_entry_cave, nicolae_kite_square_tiling_tiny,
          nicolae_stop_n_shop_2

Skill      XL: |  1  2  3  4  5  6 |
---------------+-------------------+-----
Fighting       | 4 5 |  5.3
Axes           | 4 5 |  5.3
Armour         | 3 4 |  4.5
Dodging        | 3 4 |  4.1

Action                   |  1- 3 |  4- 6 || total
-------------------------+-------+-------++-------
Melee: Hand axe          |    41 |       ||    41
       Headbutt          |     4 |    13 ||    17
       War axe           |    17 |    51 ||    68
Armor: Animal skin       |     9 |     5 ||    14
Dodge: Dodged            |    47 |    30 ||    77

Table legend: (Time is in decaauts)
 A = Elapsed time spent in this place.
 B = Non-inter-level travel time spent in this place.
 C = Inter-level travel time spent in this place.
 D = Time resting spent in this place.
 E = Time spent auto-exploring this place.
 F = Levels seen in this place.
 G = Mean time per level.
                   A        B        C        D        E       F      G
               +--------+--------+--------+--------+--------+-----+--------+
         Total |   2717 |   2637 |     80 |      0 |   2266 |   6 |  452.8 |
       Dungeon |   2717 |   2637 |     80 |      0 |   2266 |   6 |  452.8 |
               +--------+--------+--------+--------+--------+-----+--------+

Top non-repeatable levels by time:
     D:3: 1018 daAuts
     D:1: 959 daAuts
     D:2: 645 daAuts
     D:7: 60 daAuts
     D:4: 29 daAuts
     D:6: 4 daAuts
